 Dungeon Crawl Stone Soup version 0.25.0-1-g7eea58d2a3 (webtiles) character file.

Game seed: 16306105369096214719

62466 Apogee the Severer (level 15, -2/132 HPs)
             Began as a Hill Orc Fighter on June 13, 2020.
             Was the Champion of Okawaru.
             Slain by a wolf spider (3 damage)
             ... on level 15 of the Dungeon.
             The game lasted 01:09:19 (23646 turns).

Apogee the Severer (Hill Orc Fighter)              Turns: 23646, Time: 01:09:20

Health: -2/132     AC: 24    Str: 35    XL:     15   Next: 6%
Magic:  14/18      EV:  8    Int:  8    God:    Okawaru [******]
Gold:   2959       SH: 13    Dex:  8    Spells: 14/14 levels left

rFire    + . .     SeeInvis .   b - +3 broad axe (freeze)
rCold    + . .     Gourm    .   c - +0 kite shield
rNeg     . . .     Faith    .   N - +0 plate armour of Purpose {MR++ Str+3}
rPois    +         Spirit   .   v - +0 helmet
rElec    .         Reflect  .   C - scarf {rC+ rF+}
rCorr    .         Harm     .   d - +1 pair of gloves
MR       +++..                  j - +1 pair of boots
Stlth    ..........             h - amulet of the acrobat
HPRegen  0.32/turn              B - +6 ring of strength
MPRegen  0.16/turn              w - +4 ring of slaying

@: lethally poisoned (-2 -> -8), hasted, very quick
A: blurry vision 1, clumsy 1, poison resistance
a: Heroism, Finesse, Renounce Religion


You were on level 15 of the Dungeon.
You worshipped Okawaru.
Okawaru was exalted by your worship.
You were not hungry.

You visited 3 branches of the dungeon, and saw 20 of its levels.
You also visited: Sewer.

You collected 2959 gold pieces.

Inventory:

Hand Weapons
 a - a +1 shortbow of flaming
 b - a +3 broad axe of freezing (weapon)
 i - a +1 hand axe of flaming
Missiles
 l - 13 curare-tipped darts (quivered)
 n - 589 arrows
Armour
 c - a +0 kite shield (worn)
 d - a +1 pair of gloves (worn)
 j - a +1 pair of boots (worn)
 v - a +0 helmet (worn)
 C - a scarf of resistance (worn)
 J - a +2 cloak
 N - the +0 plate armour of Purpose (worn) {MR++ Str+3}
   (Okawaru gifted it to you on level 4 of the Lair of Beasts)

   It affects your strength (+3).
   It affects your resistance to hostile enchantments.
Jewellery
 h - an amulet of the acrobat (around neck)
 u - a +4 ring of protection
 w - a +4 ring of slaying (right hand)
 y - an uncursed ring of protection from magic
 B - a +6 ring of strength (left hand)
 D - the ring of Vehin {rPois rF++ Dex-3}
   (You found it on level 12 of the Dungeon)

   [ring of poison resistance]

   It affects your dexterity (-3).
   It greatly protects you from fire.
   It protects you from poison.
 K - an uncursed ring of resist corrosion
 L - an uncursed ring of wizardry
 O - an uncursed amulet of guardian spirit
 Q - an uncursed ring of see invisible
 X - an uncursed ring of flight
Wands
 e - a wand of flame (20)
 x - a wand of iceblast (7)
 F - a wand of disintegration (18)
 H - a wand of paralysis (26)
 P - a wand of random effects (18)
 R - a wand of acid (15)
 Z - a wand of enslavement (1)
Scrolls
 k - 3 scrolls of fear
 m - a scroll of blinking
 o - 15 scrolls of teleportation
 p - a scroll of silence
 r - 9 scrolls of identify
 s - 10 scrolls of remove curse
 t - 4 scrolls of fog
 I - 3 scrolls of amnesia
 M - a scroll of enchant armour
 T - 2 scrolls of magic mapping
Potions
 g - 4 potions of flight
 A - 2 potions of brilliance
 E - 6 potions of curing
 G - 6 potions of lignification
 U - a potion of stabbing
 W - 2 potions of might
 Y - a potion of cancellation
Miscellaneous
 q - 2 phantom mirrors
Comestibles
 f - 27 rations


   Skills:
 - Level 12.0 Fighting
 + Level 17.8 Axes
 - Level 7.4 Bows
 - Level 16.0 Armour
 + Level 10.6 Shields
 - Level 4.0 Invocations


You had 14 spell levels left.
You didn't know any spells.
Your spell library contained the following spells:

 Spells                   Type           Power        Failure   Level  Hunger
 Animate Skeleton         Necr           N/A          97%         1    ##.....
 Apportation              Tloc           #.....       97%         1    ##.....
 Corona                   Hex            #......      97%         1    ##.....
 Magic Dart               Conj           #...         97%         1    ##.....
 Pain                     Necr           #...         97%         1    ##.....
 Shock                    Conj/Air       #...         97%         1    ##.....
 Summon Small Mammal      Summ           #...         97%         1    ##.....
 Call Imp                 Summ           #.......     99%         2    ###....
 Ensorcelled Hibernation  Hex/Ice        #.....       99%         2    ###....
 Searing Ray              Conj           #.....       99%         2    ###....
 Swiftness                Chrm/Air       #.......     99%         2    ###....
 Call Canine Familiar     Summ           #.......     100%        3    ####...
 Confusing Touch          Hex            #.......     100%        3    ####...
 Dazzling Flash           Conj/Hex       #.....       100%        3    ####...
 Gell's Gravitas          Tloc           #.........   100%        3    ####...
 Static Discharge         Conj/Air       #.......     100%        3    ####...
 Summon Guardian Golem    Hex/Summ       #.......     100%        3    ####...
 Tukima's Dance           Hex            #.......     100%        3    ####...
 Vampiric Draining        Necr           #.........   100%        3    ####...
 Airstrike                Air            #.........   100%        4    #####..
 Animate Dead             Necr           N/A          100%        4    #####..
 Cause Fear               Hex            #.........   100%        4    #####..
 Fulminant Prism          Conj/Hex       #.........   100%        4    #####..
 Iskenderun's Mystic Bla  Conj/Tloc      #.......     100%        4    #####..
 Petrify                  Tmut/Erth      #.......     100%        4    #####..
 Summon Ice Beast         Ice/Summ       #.......     100%        4    #####..
 Summon Lightning Spire   Summ/Air       #.......     100%        4    #####..
 Agony                    Necr           #.......     100%        5    ######.
 Lightning Bolt           Conj/Air       #.........   100%        5    ######.
 Metabolic Englaciation   Hex/Ice        #.........   100%        5    ######.
 Silence                  Hex/Air        #.........   100%        5    ######.
 Yara's Violent Unravell  Hex/Tmut       #.........   100%        5    ######.
 Conjure Ball Lightning   Conj/Air       #.........   100%        6    #######
 Discord                  Hex            #.........   100%        8    #######
 Tornado                  Air            #.........   100%        9    #######


Dungeon Overview and Level Annotations

Branches:
Dungeon (15/15)            Temple (1/1) D:7            Lair (4/6) D:9
 Shoals (0/4) Lair:4       Spider (0/4) Lair:3          Orc (0/2) D:12
 Vaults (0/5) D:13          Sewer (visited)
 Depths: D:15

Altars:
Ashenzari
Cheibriados
Elyvilon
Fedhas
Gozag
Hepliaklqana
Kikubaaqudgha
Nemelex Xobeh
Okawaru
Qazlal
Sif Muna
Vehumet
Xom
The Shining One

Shops:
D:8 *:   D:9 ?}

Annotations:
D:7 2 transporters, Anothat's ghost, novice HONe
D:8 exclusion: door
D:10 exclusions: electric eel and 2 more exclusions
Lair:2 exclusion: electric eel


Innate Abilities, Weirdness & Mutations

Scrolls take you a little longer to read.
You are clumsy. (Dex -2)
Your system is resistant to poisons. (rPois)


Message History

You hit the wolf spider. You freeze the wolf spider.
The wolf spider is lightly wounded.
You feel sick. You block the wolf spider's attack. x2
You hit the wolf spider. You freeze the wolf spider.
The wolf spider is lightly wounded.
You feel sick. The wolf spider hits you!
* * * LOW HITPOINT WARNING * * *
The wolf spider bites you but does no damage.
Okay, then.
You feel yourself speed up.
You feel sick.
The wolf spider hits you but does no damage.
The wolf spider bites you but does no damage.
The wolf spider hits you!
* * * LOW HITPOINT WARNING * * *
The wolf spider bites you but does no damage.
You slash the wolf spider! You freeze the wolf spider!
The wolf spider is heavily wounded.
* * * LOW HITPOINT WARNING * * *
You feel sick. You block the wolf spider's attack. The wolf spider bites you.
You die...

#....##.#### #.
#.... #.# #.
###....##)# #.
........#.# #.
........#)#####
#.
........#.....#.#
..
#.....).......#
...
#######)..#####
.. #@)...... ...
#s......#
.........
.........#
..........#
.#.#.......#
.#..........#
..#..........#


You could see a wolf spider.

Vanquished Creatures
  2 entropy weavers (Lair:4)
  An ettin (D:15)
  Snorg (D:13)
  3 vault guards (D:13)
  Harold (D:11)
  2 ogre magi (D:15)
  4 hydras
  Erica (D:8)
  A centaur warrior (D:12)
  7 two-headed ogres
  A queen ant (Lair:4)
  A tengu warrior (D:15)
  Sonja (Lair:4)
  A fire crab (shapeshifter) (D:12)
  A wizard (D:13)
  5 skeletal warriors (D:11)
  A deep troll (D:15)
  2 unseen horrors
  A deep elf archer (D:12)
  2 orc knights (D:13)
  A wolf spider zombie (D:12)
  5 ugly things
  An orc sorcerer (D:13)
  2 deep elf magi
  2 manticores
  2 cyclopes
  A guardian serpent (shapeshifter) (D:14)
  A black mamba (Lair:1)
  5 spiny frogs
  An ice statue (D:10)
  A gargoyle (D:13)
  A torpor snail (Lair:2)
  4 centaur skeletons
  4 komodo dragons
  6 ice devils (D:10)
  4 yaktaurs (D:15)
  A redback zombie (D:15)
  An efreet (D:12)
  2 freezing wraiths
  3 tengu conjurers
  3 meliai (D:15)
  Prince Ribbit (D:5)
  4 hornets
  6 trolls
  5 polar bears (Lair:3)
  8 blink frogs
  6 hippogriffs
  2 slime creatures (D:13)
  Sigmund (D:4)
  2 shadows (D:12)
  3 wyverns
  3 wraiths (D:12)
  8 redbacks (D:13)
  3 yaks
  3 basilisks
  A human (D:10)
  4 hungry ghosts
  A steam dragon (D:11)
  10 vampire mosquitoes
  Grum (D:11)
  An acid dragon (D:14)
  7 soldier ants (Lair:4)
  3 water moccasins
  3 porcupines
  7 orc warriors
  9 ice beasts
  5 black bears
  A phantom (D:4)
  4 sky beasts
  5 ogres
  5 wolves
  3 eyes of draining
  12 centaurs
  7 crocodiles
  7 big kobolds
  12 bullfrogs
  A wyvern zombie (D:14)
  3 scorpions
  4 killer bees (D:11)
  3 wights (D:6)
  2 howler monkeys (D:8)
  7 crimson imps
  2 centaur zombies
  5 hounds
  2 bullfrog zombies
  5 jellies
  5 orc priests
  3 bullfrog skeletons
  5 iguanas
  14 orc wizards
  32 worker ants
  A hound skeleton (D:9)
  A gnoll (D:1)
  A howler monkey skeleton (D:8)
  13 adders
  2 river rats (Sewer)
  2 hound simulacra (D:10)
  2 shadow imps
  A howler monkey simulacrum (D:10)
  4 white imps (D:10)
  6 ufetubi (D:10)
  7 oozes
  An adder skeleton (D:4)
  6 worms
  5 dart slugs
  An adder simulacrum (D:10)
  8 leopard geckos
  47 orcs
  3 giant cockroaches
  8 hobgoblins
  15 jackals
  6 quokkas
  2 ball pythons
  11 bats
  9 frilled lizards
  9 goblins
  A jackal skeleton (D:8)
  32 kobolds
  2 quokka skeletons (D:4)
  9 rats
  2 fungi
  A plant (Lair:3)
564 creatures vanquished.

Vanquished Creatures (others)
  A bullfrog (D:11)
  A fungus (Lair:2)
  10 plants
12 creatures vanquished.

Grand Total: 576 creatures vanquished

Notes
Turn   | Place    | Note
-------+----------+-------------------------------------------
     0 | D:1      | Apogee the Hill Orc Fighter began the quest for the Orb.
     0 | D:1      | Reached XP level 1. HP: 19/19 MP: 1/1
    45 | D:1      | Reached skill level 3 in Axes
    65 | D:1      | Reached XP level 2. HP: 12/26 MP: 2/2
    82 | D:1      | Reached skill level 4 in Axes
   389 | D:1      | Reached XP level 3. HP: 31/31 MP: 3/3
   547 | D:1      | Reached skill level 5 in Axes
  1014 | D:2      | Found a shattered altar of Ashenzari.
  1221 | D:2      | Reached XP level 4. HP: 18/39 MP: 4/4
  1459 | D:2      | Reached skill level 6 in Axes
  1818 | D:3      | Reached XP level 5. HP: 35/45 MP: 5/5
  1821 | D:3      | Reached skill level 7 in Axes
  2358 | D:3      | Found a glowing drain.
  2369 | Sewer    | Entered a sewer
  2637 | Sewer    | Noticed a big kobold
  2637 | Sewer    | Noticed a big kobold
  2650 | Sewer    | Killed a big kobold
  2650 | Sewer    | Reached skill level 8 in Axes
  2650 | Sewer    | Reached XP level 6. HP: 46/51 MP: 6/6
  2659 | Sewer    | Reached skill level 9 in Axes
  2855 | Sewer    | Reached XP level 7. HP: 54/57 MP: 7/7
  3181 | D:4      | Noticed Sigmund
  3222 | D:3      | Reached skill level 10 in Axes
  3414 | D:4      | Got a jewelled trident
  3415 | D:4      | Identified the +3 trident of Yredelemnul's Hope {protect,
                  | MR- Int+7 Stlth+} (You found it on level 4 of the Dungeon)
  3777 | D:4      | Reached skill level 11 in Axes
  3938 | D:4      | Killed Sigmund
  3938 | D:4      | Reached XP level 8. HP: 64/67 MP: 8/8
  4175 | D:5      | Entered Level 5 of the Dungeon
  4434 | D:5      | Reached skill level 12 in Axes
  4576 | D:5      | Found a sparkling altar of Nemelex Xobeh.
  4743 | D:5      | Noticed Prince Ribbit
  4760 | D:5      | Reached skill level 5 in Fighting
  4766 | D:5      | Killed Prince Ribbit
  4766 | D:5      | Reached skill level 13 in Axes
  5211 | D:5      | Reached XP level 9. HP: 74/74 MP: 9/9
  5532 | D:6      | Found a radiant altar of Vehumet.
  5532 | D:6      | Found an ancient bone altar of Kikubaaqudgha.
  5560 | D:6      | Found a snail-covered altar of Cheibriados.
  5779 | D:6      | Reached skill level 14 in Axes
  5959 | D:6      | Found a blossoming altar of Fedhas.
  6277 | D:7      | Found a transporter.
  6417 | D:7      | Found a transporter.
  6455 | D:7      | Found a glowing golden altar of the Shining One.
  6560 | D:7      | Found a staircase to the Ecumenical Temple.
  6589 | Temple   | Entered the Ecumenical Temple
  6620 | Temple   | Became a worshipper of Warmaster Okawaru
  6775 | D:7      | Found a radiant altar of Vehumet.
  6794 | D:7      | Reached skill level 1 in Invocations
  7098 | D:7      | Identified the ring of Elyxton {*Slow rF+ Str+7 Dex+4
                  | Stlth-}
  7098 | D:7      | Identified the +5 scale mail of the Black Moon {rC+ rN+
                  | Str-4}
  7327 | D:7      | Found a snail-covered altar of Cheibriados.
  7391 | D:7      | Noticed Anothat's ghost (novice HONe)
  7440 | D:8      | Reached skill level 5 in Armour
  7493 | D:8      | Reached * piety under Okawaru
  7640 | D:8      | Noticed Erica
  7667 | D:8      | Killed Erica
  7667 | D:8      | Reached ** piety under Okawaru
  7667 | D:8      | Reached XP level 10. HP: 42/88 MP: 11/13
  8034 | D:8      | Found a shimmering blue altar of Sif Muna.
  8425 | D:8      | Found Harres's Book Shoppe.
  8468 | D:8      | Found Lyigef Muduy's Assorted Antiques.
  8818 | D:9      | Found Zowneluc's Magic Scroll Boutique.
  8870 | D:9      | Noticed a two-headed ogre
  8889 | D:9      | Killed a two-headed ogre
  9166 | D:9      | Found Loedgh Syso's Gadget Boutique.
  9256 | D:9      | Found a staircase to the Lair.
  9398 | D:9      | Reached *** piety under Okawaru
  9558 | D:9      | Found a stormy altar of Qazlal.
  9912 | D:9      | Reached skill level 10 in Armour
 10044 | D:10     | Entered Level 10 of the Dungeon
 10229 | D:10     | Reached XP level 11. HP: 94/94 MP: 14/14
 10535 | D:10     | Reached **** piety under Okawaru
 10570 | D:10     | Reached skill level 5 in Bows
 10628 | D:10     | Received a gift from Okawaru
 11475 | Lair:1   | Entered Level 1 of the Lair of Beasts
 12167 | Lair:1   | Reached ***** piety under Okawaru
 13022 | Lair:2   | Received a gift from Okawaru
 13026 | Lair:2   | Noticed an eight-headed hydra
 13038 | Lair:2   | Killed a four-headed hydra
 13038 | Lair:2   | Reached XP level 12. HP: 89/104 MP: 15/15
 13462 | Lair:2   | Noticed a six-headed hydra
 13476 | Lair:2   | Killed a one-headed hydra
 13693 | Lair:2   | Reached skill level 10 in Fighting
 14897 | Lair:3   | Found a hole to the Spider Nest.
 15247 | Lair:3   | Received a gift from Okawaru
 15332 | Lair:4   | Noticed an entropy weaver
 15332 | Lair:4   | Noticed a queen ant
 15332 | Lair:4   | Noticed an entropy weaver
 15350 | Lair:4   | Killed a queen ant
 15395 | Lair:4   | Noticed Sonja
 15421 | Lair:4   | Killed an entropy weaver
 15421 | Lair:4   | Received a gift from Okawaru
 15422 | Lair:4   | Got a transparent plate armour {god gift}
 15432 | Lair:4   | Killed an entropy weaver
 15446 | Lair:4   | Killed Sonja
 15467 | Lair:4   | Reached XP level 13. HP: 78/117 MP: 12/16
 15763 | Lair:4   | Found a staircase to the Shoals.
 16441 | Lair:4   | Gained mutation: Scrolls take you a little longer to read.
                  | [potion of mutation]
 16441 | Lair:4   | Gained mutation: You are clumsy. (Dex -2) [potion of
                  | mutation]
 16441 | Lair:4   | Gained mutation: Your system is resistant to poisons.
                  | (rPois) [potion of mutation]
 16495 | Lair:4   | Identified the +0 plate armour of Purpose {MR++ Str+3}
                  | (Okawaru gifted it to you on level 4 of the Lair of Beasts)
 16747 | D:11     | Reached skill level 15 in Armour
 17036 | D:11     | Noticed Harold
 17083 | D:11     | Killed Harold
 17643 | D:11     | Noticed Grum
 17660 | D:11     | Killed Grum
 18078 | D:11     | Reached skill level 5 in Shields
 18936 | D:12     | Received a gift from Okawaru
 19268 | D:12     | Found a staircase to the Orcish Mines.
 19280 | D:12     | Reached skill level 15 in Axes
 19289 | D:12     | Received a gift from Okawaru
 19479 | D:12     | Got a sparkling turquoise ring
 19484 | D:12     | Identified the ring of Vehin {rPois rF++ Dex-3} (You found
                  | it on level 12 of the Dungeon)
 19612 | D:12     | Reached skill level 16 in Axes
 19652 | D:12     | Reached XP level 14. HP: 83/126 MP: 17/17
 19900 | D:12     | Found a runed translucent door.
 19901 | D:12     | Found a runed translucent door.
 20206 | D:12     | Found a white marble altar of Elyvilon.
 20279 | D:12     | Identified the +5 long sword of Ash {chaos, +Inv rC+ rN+
                  | Int-2}
 20660 | D:13     | Received a gift from Okawaru
 20971 | D:13     | Found a shimmering altar of Xom.
 21171 | D:13     | Noticed Snorg
 21191 | D:13     | Killed Snorg
 21191 | D:13     | Reached ****** piety under Okawaru
 22017 | D:13     | Received a gift from Okawaru
 22311 | D:13     | Found a gate to the Vaults.
 22594 | D:14     | Identified a scroll of acquirement
 23160 | D:15     | Entered Level 15 of the Dungeon
 23211 | D:15     | Received a gift from Okawaru
 23318 | D:15     | Reached skill level 10 in Shields
 23324 | D:15     | Reached skill level 17 in Axes
 23634 | D:15     | Reached XP level 15. HP: 89/132 MP: 12/18
 23645 | D:15     | HP: 2/132 [wolf spider (9)]
 23646 | D:15     | Slain by a wolf spider

Illustrated notes

Levels and vault maps discovered:
D:1:      dpeg_arrival_simpleton_b, layout_rooms, serial_curves, eino_curves_03,
          eino_curves_01, eino_curves_03
D:2:      layout_rooms, ashenzari_altar_1
D:3:      layout_basic, cheibrodos_sewer_entry_drain
D:4:      layout_cave_pools, uniq_sigmund
D:5:      layout_loops_corners, lemuel_doored_altar, first_ration,
          item_on_display_a, uniq_prince_ribbit1
D:6:      layout_loops_ring, minitemple, fedhas_altar_fruit_tree
D:7:      layout_basic, tso_oasis_becter, minmay_temple_entry_grid, basic_altar,
          gammafunk_ghost_gnarly_gnolls, lemuel_centaur_altar
D:8:      cheibrodos_two_vegetables, layout_rooms, basic_altar, serial_shops,
          shop_statue, nicolae_shop_overgrown_old_shop, serial_rivers,
          chequers_serial_rivers_marsh, chequers_serial_rivers_micro_c,
          chequers_serial_rivers_room_b, chequers_serial_rivers_marsh,
          uniq_erica
D:9:      layout_stronghold, lemuel_crystal_altar, lair_entry_dummy,
          serial_shops, shop, shop
D:10:     cheibrodos_frozen_isle, layout_rooms, serial_ice, serial_ice_b,
          serial_ice_j, serial_ice_c, serial_ice_f, serial_ice_g, serial_ice_h,
          serial_ice_m, serial_ice_d, grunt_pizzeria
D:11:     layout_basic, eino_tiny_chamber, uniq_grum, uniq_harold
D:12:     minmay_the_grid_four_pointed_star_mashed
          [minmay_the_grid_triangle_9x9_alien,
          minmay_the_grid_triangle_9x9_flanged_cone,
          minmay_the_grid_triangle_9x9_intruding_spiral,
          minmay_the_grid_triangle_9x9_tough_junction,
          minmay_the_grid_prize_four_corners_diamond_b], layout_cave_pods,
          david_orc_3, elyvilon_altar_3
D:13:     layout_basic, grunt_vaults_entry_fortified, basic_altar, drop_trap,
          minmay_misc_feat_pillars, minmay_strange_pillars, uniq_snorg
D:14:     layout_basic, hangedman_abyss_or_decor_stabs
D:15:     hangedman_depths_entry_civil_slaughter, layout_basic, basic_altar,
          uniq_kirke
Temple:   regret_index_temple_waves
Lair:1:   layout_cave_pods, portal_ice_cave_entry_pillars_1
Lair:2:   minmay_guarded_unrand_snakebite, layout_loops_ring, st_stairs_13,
          disabler_island, minmay_lair_oklob_chamber
Lair:3:   beast_lair_carwin_large_1, layout_cave_shapes, dummy_spider_entry
Lair:4:   layout_cave_pods, elwin_shoals_entry_rooms, minmay_another_anthill,
          lemuel_fruit_fields, lemuel_fruit_fields, uniq_sonja

Skill      XL: |  1  2  3  4  5  6  7  8  9 10 11 12 13 14 |
---------------+-------------------------------------------+-----
Axes           | 3 4 5 6 8 9 11 13 14 16 17 | 17.8
Fighting       | 4 5 8 9 11 12 | 12.0
Armour         | 7 10 12 14 16 | 16.0
Invocations    | 4 |  4.0
Bows           | 4 6 7 |  7.4
Shields        | 6 10 | 10.6

Action                   |  1- 3 |  4- 6 |  7- 9 | 10-12 | 13-15 || total
-------------------------+-------+-------+-------+-------+-------++-------
Melee: War axe           |    99 |    30 |       |       |   298 ||   427
       Hand axe          |       |   147 |   360 |   628 |   300 ||  1435
       Punch             |       |       |       |     3 |     1 ||     4
       Broad axe         |       |       |       |       |   169 ||   169
 Fire: Shortbow          |       |       |     4 |    93 |    41 ||   138
Throw: Dart              |       |       |     3 |       |     1 ||     4
Invok: Finesse           |       |       |       |     2 |     5 ||     7
       Heroism           |       |       |       |     2 |     1 ||     3
Evoke: Wand              |       |       |       |     1 |     4 ||     5
  Use: Potion            |     4 |     1 |     5 |     3 |    10 ||    23
       Scroll            |       |     1 |    10 |     9 |    10 ||    30
 Stab: Distracted        |       |       |       |       |     1 ||     1
  Eat: Chunk             |     1 |     6 |    15 |    17 |    24 ||    63
       Ration            |       |       |       |     2 |     2 ||     4
Armor: Scale mail        |    50 |    23 |       |       |       ||    73
       Ring mail         |       |    34 |    88 |    39 |       ||   161
       Plate armour      |       |       |       |   230 |   338 ||   568
Dodge: Dodged            |    63 |    80 |   152 |   207 |   229 ||   731
Block: Kite shield       |       |       |       |       |   141 ||   141
